 Dungeon Crawl Stone Soup version 0.17-b1-36-g7b1967c (webtiles) character file.

4636 Armakuni the Fighter (level 10, 91/91 HPs)
             Began as a Mottled Draconian Fighter on Nov 2, 2015.
             Was a Follower of Elyvilon.
             Quit the game on level 1 of the Dungeon on Nov 6, 2015.
             The game lasted 00:27:49 (7978 turns).

Armakuni the Fighter (Mottled Draconian Fighter)    Turns: 7978, Time: 00:27:50

Health: 91/91      AC:  9    Str: 18    XL:     10   Next: 20%
Magic:  13/13      EV: 12    Int:  8    God:    Elyvilon [*.....]
Gold:   325        SH: 12    Dex: 15    Spells: 0 memorised, 9 levels left

rFire  + . .     SeeInvis .     a - +3 falchion
rCold  . . .     Clarity  .     (armour unavailable)
rNeg   . . .     SustAt   .     w - +1 shield
rPois  .         Gourm    .     (helmet restricted)
rElec  .         Spirit   +     q - +0 cloak
rCorr  .         Warding  .     (no gloves)
rMut   .         Stasis   .     E - +0 pair of boots
MR     .....                    G - amulet of guardian spirit
Stlth  +.........               (no ring)
                                F - ring of protection from fire

@: not resistant to hostile enchantments, very unstealthy
A: breathe sticky flame splash, unfitting armour, cold-blooded, AC +7
a: Breathe Sticky Flame, Lesser Healing, Divine Protection, Renounce Religion


You were on level 1 of the Dungeon.
You worshipped Elyvilon.
Elyvilon was aware of your devotion.
You were not hungry.

You visited 2 branches of the dungeon, and saw 9 of its levels.

You collected 325 gold pieces.

Inventory:

Hand Weapons
 a - a +3 falchion (weapon)
 b - a +2 dagger of venom
 B - the +5 broad axe of Revolt {holy, Int+4}
   (You acquired it on level 8 of the Dungeon)

   It has been blessed by the Shining One to cause great damage to the undead
   and demons.
   It affects your intelligence (+4).
 D - a +0 long sword
Missiles
 i - 2 throwing nets (quivered)
Armour
 q - a +0 cloak (worn)
 w - a +1 shield (worn)
 E - a +0 pair of boots (worn)
Jewellery
 A - an uncursed ring of teleportation
 F - a ring of protection from fire (left hand)
 G - an amulet of guardian spirit (around neck)
Wands
 v - a wand of slowing (43)
 C - a wand of flame (31)
Scrolls
 e - 2 scrolls of identify
 g - 4 scrolls of teleportation
 h - a scroll of remove curse
 o - a scroll of immolation
 r - a scroll of amnesia
 y - a scroll of magic mapping
Potions
 c - a potion of might
 f - 3 potions of curing
 k - 2 potions of brilliance {unknown}
 l - a potion of invisibility
 m - a potion of heal wounds
 n - a potion of cancellation {unknown}
 p - a potion of flight
 t - a potion of degeneration {unknown}
 u - a potion of agility
 z - a potion of haste
Books
 s - a book of Hinderance

   Spells                             Type                      Level
   a - Confusing Touch                Hexes                        2
   b - Confuse                        Hexes                        3
   c - Gell's Gravitas                Hexes/Translocation          3
   d - Petrify                        Transmutation/Earth          4
   e - Metabolic Englaciation         Hexes/Ice                    5
Comestibles
 d - 7 bread rations
 j - 16 fruits
 x - 3 meat rations


   Skills:
 - Level 9.0 Fighting
 + Level 8.4 Long Blades
 - Level 2.6 Dodging
 + Level 8.6 Shields
 - Level 4.2 Invocations
 - Level 4.2 Evocations


You had 9 spell levels left.
You didn't know any spells.

Dungeon Overview and Level Annotations

Branches:
Dungeon (8/15)             Temple (1/1) D:5            Lair (0/8) D:8

Altars:
Ashenzari
Cheibriados
Dithmenos
Elyvilon
Fedhas
Gozag
Kikubaaqudgha
Makhleb
Nemelex Xobeh
Okawaru
Ru
Sif Muna
Trog
Vehumet
Xom
Yredelemnul
Zin
The Shining One


Innate Abilities, Weirdness & Mutations

You can spit globs of burning liquid.
You can ignite nearby creatures when you spit burning liquid.
Your weird mottled scales are hard (AC +7).
Your body does not fit into most forms of armour.
You are cold-blooded and may be slowed by cold attacks.


Message History

There is a stone staircase leading down here.
There is a stone staircase leading up here.
You climb upwards.
There is a stone staircase leading down here.
A giant newt comes into view.
The giant newt moves out of view.
You block the giant newt's attack.
You barely miss the giant newt. You tail-slap the giant newt.
You kill the giant newt!
No target in view!
No target in view!
There is a stone staircase leading up here.
You climb upwards.
There is a stone staircase leading down here.
You see here 24 stones.
There is an open door here.
There is a staircase leading out of the dungeon here.
Evoke which item? (* to show all) (? for menu, Esc to quit)
Okay, then.
Are you sure you want to abandon this character and quit the game? (Confirm with "yes".)

#.# #####........).........# #.#
#......)###.##......#..# ##.#
#.#.#.### #............. #..#
#...#########.....###.## #.##
#..##≈≈≈≈≈≈≈##.......... #.#
#.##≈≈≈.P.≈≈≈##..#..###.
####.#######≈≈P..8..P≈≈##.##.###.
#.......# #≈≈≈.......≈≈≈#........
#.##.##.# #≈P.8.@<..8.P≈#...8#8..
#.##.##.###≈≈≈.......≈≈≈#...#$#..
..........##≈≈P..8..P≈≈##...8#8..
#.##.##.##.##≈≈≈.P.≈≈≈##.........
#.##........##≈≈≈.≈≈≈##........#.
#.......#....###8'8###.....#####.
##########...[........(....#####.
#####.###.########........
#.....# #.# ##.......


There were no monsters in sight!

Vanquished Creatures
  Joseph (D:7)
  A troll (D:8)
  2 yaks (D:8)
  Sigmund (D:6)
  A deep elf fighter (D:8)
  Eustachio (D:6)
  Edmund (D:5)
  Duvessa (D:4)
  2 orc warriors
  3 ogres
  4 sky beasts
  An ice beast (D:7)
  A phantom (D:4)
  2 centaurs
  A giant frog (D:6)
  3 crocodiles
  A water moccasin zombie (D:6)
  Dowan (D:4)
  2 water moccasin skeletons (D:8)
  5 wights (D:6)
  A centaur zombie (D:6)
  A centaur skeleton (D:7)
  3 crimson imps
  An orc priest (D:3)
  A jelly (D:8)
  3 hounds
  Crazy Yiuf (D:2)
  3 giant frog zombies
  10 worker ants
  An iguana (D:6)
  6 orc wizards
  A killer bee zombie (D:6)
  2 hound skeletons
  9 gnolls
  15 adders
  A river rat (D:8)
  2 shadow imps (D:8)
  An adder skeleton (D:4)
  2 worms
  33 orcs
  11 bats
  8 hobgoblins
  6 jackals
  3 quokkas
  2 ball pythons
  A ball python skeleton (D:4)
  5 giant cockroaches
  7 giant geckos
  7 giant newts
  7 goblins
  3 kobolds
  2 quokka skeletons (D:4)
  14 rats
208 creatures vanquished.

Vanquished Creatures (others)
  3 fungi (D:8)
  A plant (D:8)
4 creatures vanquished.

Grand Total: 212 creatures vanquished

Notes
Turn   | Place    | Note
--------------------------------------------------------------
     0 | D:1      | Armakuni the Draconian Fighter began the quest for the Orb.
     0 | D:1      | Reached XP level 1. HP: 19/19 MP: 1/1
    83 | D:1      | Reached XP level 2. HP: 19/26 MP: 2/2
   825 | D:2      | Reached XP level 3. HP: 26/33 MP: 3/3
  1235 | D:2      | Reached skill level 4 in Fighting
  1235 | D:2      | Reached XP level 4. HP: 31/40 MP: 4/4
  1715 | D:2      | Noticed Crazy Yiuf
  1729 | D:2      | Killed Crazy Yiuf
  2035 | D:3      | Reached XP level 5. HP: 32/47 MP: 5/5
  2502 | D:3      | Reached skill level 5 in Fighting
  2642 | D:3      | Reached XP level 6. HP: 54/56 MP: 6/6
  3278 | D:4      | Noticed Duvessa
  3283 | D:4      | Noticed Dowan
  3295 | D:4      | Killed Duvessa
  3307 | D:4      | Killed Dowan
  3307 | D:4      | Reached skill level 5 in Shields
  3628 | D:4      | Reached skill level 5 in Long Blades
  3628 | D:4      | Your scales start taking on a weird mottled colour.
  3628 | D:4      | Reached XP level 7. HP: 48/62 MP: 7/7
  3771 | D:4      | Reached skill level 1 in Evocations
  3915 | D:5      | Entered Level 5 of the Dungeon
  3971 | D:5      | Noticed Edmund
  4006 | D:5      | Killed Edmund
  4066 | D:5      | Found a staircase to the Ecumenical Temple.
  4075 | Temple   | Entered the Ecumenical Temple
  4137 | Temple   | Became a worshipper of Elyvilon the Healer
  4375 | D:5      | Reached skill level 1 in Invocations
  4414 | D:5      | Reached XP level 8. HP: 54/70 MP: 11/11
  4698 | D:5      | Found a blossoming altar of Fedhas.
  4711 | D:5      | Found an iron altar of Okawaru.
  4952 | D:5      | Found a radiant altar of Vehumet.
  5137 | D:6      | Reached skill level 6 in Fighting
  5334 | D:6      | Noticed Eustachio
  5369 | D:6      | Killed Eustachio
  5564 | D:6      | Reached skill level 7 in Fighting
  5825 | D:6      | Reached XP level 9. HP: 61/79 MP: 12/12
  6025 | D:6      | Noticed Sigmund
  6041 | D:6      | Killed Sigmund
  6414 | D:7      | Reached * piety under Elyvilon
  6722 | D:7      | Found a shattered altar of Ashenzari.
  6753 | D:7      | Reached skill level 8 in Fighting
  6945 | D:7      | Noticed Joseph
  6959 | D:7      | Killed Joseph
  6981 | D:7      | Found a basalt altar of Yredelemnul.
  6983 | D:7      | Noticed a profane servitor
  6994 | D:7      | Found a glowing golden altar of the Shining One.
  6996 | D:7      | Noticed an angel
  7353 | D:8      | Reached XP level 10. HP: 30/90 MP: 6/13
  7581 | D:8      | Identified a scroll of acquirement
  7582 | D:8      | Got a crystal broad axe
  7583 | D:8      | Identified the +5 broad axe of Revolt {holy, Int+4} (You acquired it on level 8 of the Dungeon)
  7650 | D:8      | Reached skill level 9 in Fighting
  7652 | D:8      | Upgraded the game from 0.17-b1-15-g0f5fb43 to 0.17-b1-36-g7b1967c
  7727 | D:8      | Found a staircase to the Lair.
  7978 | D:1      | Quit the game

Action                   |  1- 3 |  4- 6 |  7- 9 | 10-12 || total
-------------------------+-------+-------+-------+-------++-------
Melee: Long sword        |   126 |   194 |    61 |       ||   381
       Dagger            |       |    48 |    29 |       ||    77
       Rapier            |       |    11 |       |       ||    11
       Falchion          |       |       |   275 |    80 ||   355
       Broad axe         |       |       |       |     2 ||     2
Invok: Lesser Healing    |       |       |       |     1 ||     1
 Abil: Breathe Sticky Fl |       |       |    29 |     1 ||    30
Evoke: Wand              |       |       |     3 |       ||     3
  Use: Potion            |     1 |     2 |     1 |       ||     4
       Scroll            |       |     3 |    17 |     2 ||    22
 Stab: Sleeping          |     1 |     1 |       |       ||     2
       Invisible         |       |     1 |       |       ||     1
  Eat: Chunk             |     1 |     4 |    14 |     1 ||    20
       Fruit             |       |     5 |     2 |     2 ||     9
       Royal jelly       |       |       |     1 |       ||     1
